 Dungeon Crawl Stone Soup version 0.18-a0-1677-g2bdad6c (webtiles) character file.

127 Kidiri the Magician (level 4, -3/25 HPs)
             Began as a Deep Elf Fire Elementalist on Apr 2, 2016.
             Slain by Grinder (4 damage)
             ... while paralysed by Grinder
             ... on level 3 of the Dungeon.
             The game lasted 00:15:17 (2860 turns).

Kidiri the Magician (Deep Elf Fire Elementalist)    Turns: 2860, Time: 00:15:17

Health: -3/25      AC:  5    Str:  5    XL:     4   Next: 85%
Magic:  8/12       EV:  2    Int: 21    God:
Gold:   82         SH:  0    Dex: 15    Spells: 4 memorised, 3 levels left

rFire  . . .     SeeInvis .     l - +1 short sword (holy)
rCold  . . .     Gourm    .     a - +1 robe
rNeg   . . .     Faith    .     (no shield)
rPois  .         Spirit   .     (no helmet)
rElec  .         Dismiss  .     (no cloak)
rCorr  .         Reflect  .     (no gloves)
SustAt .         Harm     .     (no boots)
MR     .....                    (no amulet)
Stlth  ++........               (no ring)
                                (no ring)

@: paralysed, very slightly contaminated, not resistant to hostile enchantments,
unstealthy
A: large bone plates 1, slow regeneration 1, evolution 1
a: no special abilities


You were on level 3 of the Dungeon.
You were not hungry.

You visited 1 branch of the dungeon, and saw 3 of its levels.

You collected 82 gold pieces.

Inventory:

Hand Weapons
 l - a +1 short sword of holy wrath (weapon)
Armour
 a - a +1 robe (worn)
Wands
 e - a wand of teleportation (2/9)
Scrolls
 k - a scroll of remove curse
 m - a scroll of fear
Potions
 h - a potion of curing
Books
 b - a book of Flames

   Spells                             Type                      Level
   a - Flame Tongue                   Conjuration/Fire             1
   b - Throw Flame                    Conjuration/Fire             2
   c - Conjure Flame                  Conjuration/Fire             3
   d - Inner Flame                    Hexes/Fire                   3
   e - Sticky Flame                   Conjuration/Fire             4
   f - Fireball                       Conjuration/Fire             5
Comestibles
 c - a bread ration
 d - a meat ration
 f - 2 chunks of flesh
 g - 3 fruits
 i - a slice of pizza
 j - a beef jerky


   Skills:
 + Level 1.1 Fighting
 + Level 3.2 Dodging
 - Level 2.4 Stealth
 * Level 4.6 Spellcasting
 + Level 2.4 Conjurations
 + Level 0.6 Hexes
 + Level 3.8 Fire Magic


You had 3 spell levels left.
You knew the following spells:

 Your Spells              Type           Power        Failure   Level  Hunger
a - Flame Tongue          Conj/Fire      ###..        3%          1    None
b - Throw Flame           Conj/Fire      ###...       6%          2    #......
c - Conjure Flame         Conj/Fire      ###.....     12%         3    ##.....
d - Inner Flame           Hex/Fire       ##......     17%         3    ##.....


Dungeon Overview and Level Annotations

Branches:
Dungeon (3/15)

Altars:

Annotations:
D:3 Grinder


Innate Abilities, Weirdness & Mutations

You are partially covered in large bone plates (AC +2, SH +2).
You regenerate slowly when monsters are visible.
You evolve.


Message History

Grinder blinks!
Casting: Flame Tongue
Confirm with . or Enter, or press ? or * to list all spells.
Aiming: Flame Tongue
Press: ? - help, Shift-Dir - straight line, f/p - Grinder
Aim: Grinder (moderately wounded)
The flame tongue hits Grinder.
Grinder is moderately wounded.
You hit Grinder.
Grinder convulses.
Grinder is heavily wounded.
Grinder gestures at you.
You suddenly lose the ability to move!
Grinder hits you.
You writhe in agony. x2
Grinder hits you.
You writhe in agony.
Grinder hits you!
* * * LOW HITPOINT WARNING * * *
You writhe in agony.
* * * LOW HITPOINT WARNING * * *
Grinder hits you.
You die...

#. #. .. ###. .#
...##.# ...#5#
.. ..#.# .
...####.#.# .#
......5@#.##.#
)............###
.....##......$..
...####.#.######
........#.######
..######.#.....#
##.####.# ###
#.# #####
#.####...#


You could see Grinder.

Vanquished Creatures
  Jessica (D:2)
  5 adders (D:2)
  A worm (D:2)
  A giant gecko (D:3)
  A giant cockroach (D:1)
  2 goblins (D:2)
  10 hobgoblins
  4 jackals (D:2)
  7 kobolds
  A quokka (D:2)
  11 bats
  3 giant newts
  8 rats
55 creatures vanquished.

Notes
Turn   | Place    | Note
--------------------------------------------------------------
     0 | D:1      | Kidiri the Deep Elf Fire Elementalist began the quest for the Orb.
     0 | D:1      | Reached XP level 1. HP: 10/10 MP: 6/6
   362 | D:1      | Reached XP level 2. HP: 15/15 MP: 4/8
   366 | D:1      | Learned a level 2 spell: Throw Flame
  1025 | D:2      | Found a faded altar to an unknown god.
  1111 | D:2      | Noticed Jessica
  1118 | D:2      | Killed Jessica
  1118 | D:2      | Reached skill level 4 in Spellcasting
  1119 | D:2      | Reached XP level 3. HP: 20/20 MP: 3/10
  1123 | D:2      | Learned a level 3 spell: Conjure Flame
  1127 | D:2      | Learned a level 3 spell: Inner Flame
  1275 | D:2      | Reached skill level 1 in Fighting
  1587 | D:2      | Reached XP level 4. HP: 25/25 MP: 10/12
  1765 | D:2      | Gained mutation: You evolve. [potion of mutation]
  1765 | D:2      | Gained mutation: You regenerate slowly when monsters are visible. [potion of mutation]
  1765 | D:2      | Gained mutation: You are partially covered in large bone plates (AC +2, SH +2). [potion of mutation]
  2743 | D:3      | Noticed Grinder
  2856 | D:3      | Paralysed by Grinder for 5 turns
  2859 | D:3      | HP: 1/25 [Grinder (1)]
  2860 | D:3      | Slain by Grinder

Vault maps used:
D:1:      dpeg_arrival_rooms_with_view
D:2:      nicolae_overflow_hidden_temple, ecumenical_altar_1, uniq_jessica
D:3:      grunt_gozag_breadcrumbs, ashenzari_altar_1, minmay_misc_feat_tiny,
          uniq_grinder, uniq_robin, uniq_natasha

Skill      XL: |  1  2  3 |
---------------+----------+-----
Spellcasting   | 4 |  4.6
Conjurations   | 2 |  2.4
Fighting       | 1 |  1.1
Dodging        | 3 |  3.2
Stealth        | |  2.4
Hexes          | |  0.6
Fire Magic     | |  3.8

Action                   |  1- 3 |  4- 6 || total
-------------------------+-------+-------++-------
Melee: Short sword       |       |    16 ||    16
 Cast: Flame Tongue      |    28 |    25 ||    53
       Throw Flame       |    17 |    10 ||    27
       Inner Flame       |       |     2 ||     2
       Conjure Flame     |       |     1 ||     1
  Use: Scroll            |     1 |     5 ||     6
       Potion            |       |     4 ||     4
  Eat: Chunk             |     2 |     5 ||     7
